Map: Eternal Empire LE

Players

MaSa - Winner!

  • Race: Terran Terran
  • League: Master
  • Spawn Location: 7:00

Future

  • Race: Terran Terran
  • Spawn Location: 1:00

Event: DreamHack SC2 Masters 2020 Fall

VOD

Have the link to the VOD?

Description

Time

  • Played on: Sept. 2, 2020, 6:29 p.m.
  • Length: 12:39

All games in this series

Show
View Real Time Build Order
Export as new Build Order

MaSa Terran - Winner!

Build Orders: Mech 

Get SALT Encoding   

  12  0:00  SCV  
  13  0:12  SCV  
  14  0:17  Supply Depot  
  14  0:24  SCV  
  15  0:38  SCV  
  15  0:40  Barracks  
  16  0:43  Refinery  
  16  0:51  SCV  
  16  0:52  Refinery  
  17  1:03  SCV  
  18  1:15  SCV  
  19  1:27  Reaper, Orbital Command  
  19  1:30  Supply Depot  
  20  1:43  Factory  
  20  1:53  SCV  
  21  1:59  Reaper  
  22  2:05  SCV  
  23  2:18  SCV  
  23  2:21  Command Center  
  24  2:27  Hellion  
  26  2:33  Starport  
  26  2:36  Barracks Reactor  
  26  2:37  SCV  
  27  2:47  Supply Depot  
  27  2:51  Hellion  
  29  2:55  SCV  
  30  3:06  Refinery  
  30  3:07  SCV  
  31  3:13  Starport Tech Lab  
  31  3:19  SCV, Fusion Core  
  32  3:31  SCV  
  33  3:34  Orbital Command  
  33  3:41  Hellion x2  
  33  3:43  SCV  
  38  3:55  SCV  
  37  4:01  SCV  
  34  4:07  Battlecruiser  
  40  4:10  SCV  
  40  4:11  Hellion  
  40  4:16  Hellion  
  45  4:22  Supply Depot  
  45  4:23  SCV x2  
  47  4:29  Weapon Refit  
  47  4:31  Barracks Tech Lab  
  47  4:35  SCV x2  
  47  4:37  Hellion  
  51  4:41  Hellion  
  53  4:47  SCV, Supply Depot  
  53  4:48  SCV  
  55  4:59  SCV  
  56  5:03  SCV  
  56  5:04  Supply Depot  
  57  5:11  Battlecruiser  
  63  5:16  SCV  
  63  5:19  Hellion x2  
  68  5:28  SCV  
  68  5:34  SCV  
  70  5:41  SCV  
  67  5:46  SCV, Command Center  
  67  5:49  Hellion  
  70  5:53  SCV  
  70  5:55  Refinery  
  71  5:58  SCV  
  71  5:59  Supply Depot  
  71  6:04  Barracks Tech Lab  
  72  6:05  SCV  
  72  6:10  SCV, Factory  
  74  6:15  Hellion  
  74  6:16  Factory  
  74  6:17  SCV  
  77  6:30  Battlecruiser  
  77  6:31  SCV  
  84  6:33  SCV  
  85  6:43  SCV, Barracks Tech Lab  
  85  6:44  Supply Depot x2  
  86  6:54  Armory  
  86  6:57  SCV  
  86  6:58  Hellion  
  86  7:00  Cyclone, Mag-Field Accelerator  
  92  7:02  SCV  
  92  7:07  Cyclone  
  96  7:09  SCV  
  96  7:12  Refinery  
  97  7:16  Refinery  
  97  7:17  SCV  
  98  7:22  Orbital Command  
  98  7:24  Hellion x2  
  98  7:25  SCV  
  103  7:31  SCV  
  103  7:36  Barracks Reactor  
  105  7:44  SCV x2  
  105  7:45  Factory  
  105  7:46  Terran Vehicle Weapons Level 1  
  104  7:51  Siege Tank  
  104  7:52  Factory  
  104  7:54  Siege Tank  
  104  7:56  Hellion  
  112  8:01  SCV x3  
  112  8:04  Supply Depot x2  
  115  8:09  Supply Depot  
  115  8:22  SCV  
  115  8:23  SCV, Engineering Bay  
  115  8:25  SCV  
  131  8:34  Hellion x2, Cyclone x2  
  131  8:38  SCV x3  
  125  8:43  Factory Tech Lab  
  119  8:48  Cyclone  
  119  8:52  SCV x3, Factory x2  
  119  8:53  Factory  
  125  9:02  Armory, Command Center  
  125  9:07  Cyclone x2  
  125  9:16  Cyclone  
  114  9:17  SCV  
  114  9:20  Cyclone  
  114  9:21  SCV, Hellion x2  
  123  9:27  Infernal Pre-Igniter  
  123  9:28  Sensor Tower  
  123  9:29  SCV  
  123  9:30  SCV  
  125  9:33  SCV, Supply Depot  
  125  9:35  Supply Depot  
  126  9:39  Cyclone  
  126  9:42  Factory Reactor, Factory Tech Lab x2  
  126  9:43  Cyclone  
  132  9:48  SCV, Cyclone  
  136  9:53  Cyclone  
  139  10:05  Cyclone x2  
  139  10:06  Hellion x2  
  149  10:11  Cyclone  
  152  10:15  Cyclone  
  152  10:17  Terran Vehicle Weapons Level 2  
  152  10:18  Terran Vehicle And Ship Armor Level 1  
  149  10:25  Cyclone, Command Center  
  150  10:30  Refinery  
  150  10:32  Siege Tank  
  150  10:35  Refinery  
  153  10:39  Hellion x3  
  157  10:47  Cyclone x2  
  158  10:54  Hellion, Cyclone  
  161  11:00  Siege Tank  
  164  11:06  Cyclone  
  167  11:13  Planetary Fortress  
  144  11:26  Cyclone x2  
  144  11:27  Hellion x3  
  144  11:29  SCV x3  
  159  11:39  Hellion  
  160  11:41  Orbital Command  
  160  11:45  Command Center  
  160  11:47  Sensor Tower  
  160  11:48  Command Center  
  160  11:50  Hellion x2  
  160  11:52  Hellion  
  157  12:02  Hellion x2  
  157  12:03  Cyclone x2  
  153  12:22  SCV  
Show
View Real Time Build Order
Export as new Build Order

Future Terran 

Build Orders: Reaper Expand, Mech 

Get SALT Encoding   

  12  0:00  SCV  
  13  0:12  SCV  
  14  0:17  Supply Depot  
  14  0:25  SCV  
  15  0:38  SCV  
  15  0:39  Barracks  
  16  0:45  Refinery  
  16  0:51  SCV  
  17  1:03  SCV  
  18  1:15  SCV  
  19  1:27  Orbital Command  
  19  1:29  Reaper  
  20  1:43  Command Center  
  20  1:53  Supply Depot  
  20  1:54  SCV  
  20  2:00  Marine  
  22  2:06  SCV  
  23  2:13  Factory  
  23  2:18  Marine  
  24  2:23  Bunker  
  24  2:24  SCV  
  25  2:30  Refinery  
  25  2:36  SCV, Marine  
  27  2:48  SCV  
  28  2:56  Orbital Command  
  28  2:58  Hellion  
  29  3:04  Starport  
  29  3:06  SCV  
  29  3:10  Barracks Reactor  
  30  3:18  SCV  
  31  3:20  Factory Tech Lab  
  31  3:21  SCV  
  31  3:24  Refinery  
  32  3:30  SCV  
  32  3:33  SCV  
  33  3:39  Cyclone  
  33  3:40  Starport Tech Lab  
  36  3:42  SCV  
  36  3:46  SCV, Marine  
  36  3:47  Marine  
  39  3:55  SCV  
  37  3:58  SCV  
  37  4:06  Raven  
  37  4:07  SCV  
  42  4:10  SCV  
  42  4:16  Siege Tank  
  46  4:18  Supply Depot  
  46  4:19  SCV  
  46  4:22  SCV  
  46  4:33  Command Center  
  46  4:40  SCV x2  
  46  4:41  Supply Depot  
  48  4:49  Raven  
  48  4:52  SCV x2, Marine x2  
  54  4:59  Supply Depot  
  54  5:02  Siege Tank  
  54  5:04  SCV x2  
  57  5:16  SCV x2  
  59  5:28  SCV x2, Marine x2  
  47  5:40  SCV x2  
  40  5:43  Cyclone  
  40  5:52  SCV x2  
  40  5:54  Viking x2  
  40  5:56  Orbital Command  
  44  6:01  Marine  
  45  6:04  SCV  
  45  6:06  SCV  
  48  6:19  Cyclone  
  48  6:25  Viking  
  53  6:27  Viking  
  53  6:29  SCV  
  53  6:31  SCV x2  
  56  6:35  Marine  
  57  6:41  SCV  
  57  6:43  SCV x2, Mag-Field Accelerator  
  60  6:49  Refinery  
  60  6:52  Cyclone  
  60  6:53  SCV  
  64  6:55  SCV x2  
  64  6:56  Viking  
  64  6:59  Viking  
  70  7:05  SCV  
  70  7:07  SCV x2  
  73  7:10  Supply Depot  
  73  7:12  Supply Depot  
  70  7:18  SCV  
  70  7:19  SCV x2  
  72  7:24  Cyclone  
  75  7:30  SCV  
  75  7:31  SCV  
  75  7:32  SCV  
  75  7:35  Factory  
  78  7:37  Factory  
  78  7:41  Orbital Command  
  78  7:42  SCV  
  78  7:44  SCV  
  80  7:54  SCV  
  80  7:56  SCV  
  82  7:59  Cyclone  
  82  8:04  Supply Depot  
  82  8:05  Supply Depot  
  84  8:06  Barracks Reactor, SCV, Starport Tech Lab  
  84  8:08  SCV  
  84  8:09  SCV  
  84  8:11  Factory  
  86  8:14  Factory  
  86  8:18  SCV  
  87  8:20  SCV  
  87  8:21  SCV  
  87  8:23  Cyclone  
  92  8:30  SCV  
  92  8:31  Cyclone  
  92  8:32  SCV  
  92  8:33  SCV  
  95  8:40  Refinery  
  95  8:41  Refinery  
  95  8:42  SCV  
  95  8:44  SCV  
  95  8:45  SCV, Supply Depot  
  98  8:54  SCV  
  99  8:56  SCV  
  99  8:58  SCV  
  101  9:06  SCV  
  101  9:08  Cyclone  
  101  9:09  Cyclone x2  
  104  9:23  Hellion x3, Command Center, Infernal Pre-Igniter  
  104  9:24  Hellion, Supply Depot  
  110  9:25  Supply Depot  
  110  9:26  Starport Tech Lab  
  110  9:32  Armory x2  
  110  9:44  Supply Depot x2  
  109  9:48  Cyclone x3  
  118  9:55  Liberator  
  118  9:56  Hellion x2  
  118  9:57  Hellion  
  127  10:01  Hellion  
  127  10:06  Supply Depot  
  126  10:07  Supply Depot  
  126  10:19  Engineering Bay  
  126  10:20  Cyclone x2  
  126  10:21  Hellion x3  
  138  10:30  SCV, Hellion  
  138  10:31  SCV x2  
  138  10:34  Terran Vehicle Weapons Level 1, Terran Vehicle And Ship Armor Level 1  
  142  10:42  SCV  
  142  10:45  SCV x2  
  142  10:48  Cyclone  
  136  10:52  Cyclone  
  136  10:55  SCV  
  137  10:59  Cyclone  
  137  11:00  Hellion x2  
  142  11:04  Hellion  
  137  11:20  Cyclone  
  137  11:22  Hellion x3  
  137  11:24  Cyclone  
  138  11:26  Hellion  
  138  11:31  Cyclone  
  143  11:34  Liberator  
  144  11:42  Supply Depot  
  144  11:43  Hellion x2  
  144  11:44  Hellion, Refinery  
  144  11:46  Refinery  
  150  11:49  Command Center  
  150  12:00  Cyclone  
  143  12:02  Cyclone  
  143  12:03  Cyclone  
  149  12:10  Hellion x3  
  149  12:11  Hellion  
  149  12:13  SCV  

Tags
 
Add a new tag
Caveats
  • Supply blocks, unpowered buildings, or Contaminate may cause inaccurate times.
  • Supply counts are checked every 10 seconds.